 Dungeon Crawl Stone Soup version 0.25.1-8-g42b30a86e7 (webtiles) character file.

Game seed: 14471535097347919733

389 hawla the Magician (level 6, -1/32 HPs)
             Began as a Deep Elf Conjurer on Dec 1, 2020.
             Was a Follower of Vehumet.
             Slain by Grinder (4 damage)
             ... on level 3 of the Dungeon.
             The game lasted 00:08:07 (3271 turns).

hawla the Magician (Deep Elf Conjurer)              Turns: 3271, Time: 00:08:07

Health: -1/32      AC:  2    Str:  5    XL:     6   Next: 49%
Magic:  11/17      EV: 13    Int: 22    God:    Vehumet [*.....]
Gold:   194        SH:  0    Dex: 15    Spells: 9/18 levels left

rFire    . . .     SeeInvis .   (no weapon)
rCold    . . .     Gourm    .   (no shield)
rNeg     . . .     Faith    .   a - +0 robe
rPois    .         Spirit   .   (no helmet)
rElec    .         Reflect  .   (no cloak)
rCorr    .         Harm     .   (no gloves)
MR       .....                  (no boots)
Stlth    ++........             g - amulet of the acrobat
HPRegen  0.10/turn              (no ring)
MPRegen  0.15/turn              (no ring)

@: no status effects
A: no striking features
a: Renounce Religion


You were on level 3 of the Dungeon.
You worshipped Vehumet.
Vehumet was aware of your devotion.
You were not hungry.

You visited 1 branch of the dungeon, and saw 3 of its levels.

You collected 194 gold pieces.

Inventory:

Missiles
 d - 13 poisoned darts (quivered)
Armour
 a - a +0 robe (worn)
Jewellery
 g - an amulet of the acrobat (around neck)
Wands
 l - a wand of digging (2)
Scrolls
 f - a scroll of remove curse
 n - a scroll of teleportation
 o - 2 scrolls of magic mapping {unknown}
 p - a scroll of blinking {unknown}
Potions
 b - 2 potions of heal wounds {unknown}
 e - a potion of haste
 h - 3 potions of ambrosia
 k - a potion of lignification {unknown}
 m - a potion of invisibility {unknown}
Comestibles
 c - 6 rations
 i - 4 chunks of flesh


   Skills:
 - Level 3.1 Dodging
 - Level 3.0 Stealth
 * Level 6.6 Spellcasting
 + Level 5.9 Conjurations
 + Level 2.6 Translocations


You had 9 spell levels left.
You knew the following spells:

 Your Spells              Type           Power        Failure   Level  Hunger
a - Magic Dart            Conj           ####         1%          1    None
b - Searing Ray           Conj           ####..       1%          2    None
c - Iskenderun's Mystic   Conj/Tloc      ####....     14%         4    ###....
d - Blink                 Tloc           N/A          4%          2    None

Your spell library contained the following spells:

 Spells                   Type           Power        Failure   Level  Hunger
 Foxfire                  Conj/Fire      ###.         2%          1    None
 Conjure Flame            Conj/Fire      ###.....     8%          3    #......
 Dazzling Flash           Conj/Hex       ###...       8%          3    #......
 Mephitic Cloud           Conj/Pois/Air  ###.....     12%         3    #......
 Call Imp                 Summ           #.......     13%         2    None
 Slow                     Hex            #.......     13%         2    None
 Fulminant Prism          Conj/Hex       ###.......   26%         4    ###....


Dungeon Overview and Level Annotations

Branches:
Dungeon (3/15)

Altars:
Trog
Vehumet

Annotations:
D:3 Grinder


Message History

The searing ray hits Grinder!
Grinder is moderately wounded.
Grinder struggles against the net.
The searing ray hits Grinder.
Grinder is heavily wounded.
You finish channeling your searing ray.
Grinder gestures at you.
You suddenly lose the ability to move!
Grinder struggles against the net.
The net rips apart, and Grinder comes free!
Grinder hits you.
You writhe in agony.
Grinder hits you.
You writhe in agony.
Grinder hits you.
You writhe in agony.
Grinder hits you.
You can move again.
Casting: Searing Ray (safe; 1% risk of failure)
Confirm with . or Enter, or press ? or * to list all spells.
You blink.
Grinder hits you!
* * * LOW HITPOINT WARNING * * *
You writhe in agony.
You die...

## ##
#########
##.#.#####
........#
#.#@)....#
#######.#
#5.(###.# #.#
##ยง## #.#
#.# #.# #.#
#.# #.# #.#
#.########.#
#.#
#..........#
#.#
######.....#
##.##
#.###.###...#


You could see Grinder.

Vanquished Creatures
  Sigmund (D:3)
  A hound (D:3)
  Jessica (D:3)
  8 gnolls (D:3)
  3 adders (D:2)
  4 worms
  A dart slug (D:3)
  A leopard gecko (D:2)
  2 orcs (D:3)
  3 giant cockroaches
  7 goblins
  7 hobgoblins
  A quokka (D:2)
  4 bats
  3 frilled lizards (D:2)
  7 kobolds
  7 rats
61 creatures vanquished.

Notes
Turn   | Place    | Note
-------+----------+-------------------------------------------
     0 | D:1      | hawla the Deep Elf Conjurer began the quest for the Orb.
     0 | D:1      | Reached XP level 1. HP: 10/10 MP: 6/6
   371 | D:1      | Reached XP level 2. HP: 10/15 MP: 4/8
   375 | D:1      | Learned a level 2 spell: Searing Ray
  1236 | D:2      | Reached XP level 3. HP: 19/19 MP: 3/10
  1674 | D:2      | Found a radiant altar of Vehumet.
  1685 | D:2      | Became a worshipper of Vehumet
  1863 | D:2      | Found a bloodstained altar of Trog.
  1868 | D:2      | Reached skill level 4 in Spellcasting
  1868 | D:2      | Reached skill level 5 in Conjurations
  1994 | D:2      | Reached XP level 4. HP: 24/24 MP: 10/12
  2000 | D:2      | Learned a level 4 spell: Iskenderun's Mystic Blast
  2003 | D:2      | Learned a level 2 spell: Blink
  2488 | D:3      | Reached skill level 1 in Translocations
  2494 | D:3      | Reached skill level 5 in Spellcasting
  2495 | D:3      | Reached XP level 5. HP: 28/28 MP: 6/14
  2609 | D:3      | Noticed Sigmund
  2612 | D:3      | Killed Sigmund
  2612 | D:3      | Reached skill level 6 in Spellcasting
  2612 | D:3      | Reached XP level 6. HP: 32/32 MP: 12/17
  2726 | D:3      | Noticed Grinder
  2905 | D:3      | Noticed Jessica
  3189 | D:3      | Killed Jessica
  3189 | D:3      | Reached * piety under Vehumet
  3189 | D:3      | Offered knowledge of Foxfire by Vehumet.
  3265 | D:3      | Paralysed by Grinder for 6 turns
  3271 | D:3      | Slain by Grinder

Illustrated notes

Levels and vault maps discovered:
D:1:      sevenhm_arrival_forest_fort_small_3, layout_basic, serial_rivers,
          chequers_serial_rivers_marsh, chequers_serial_rivers_marsh,
          chequers_serial_rivers_marsh, chequers_serial_rivers_micro_b,
          minivault_5
D:2:      layout_loops_ring, lemuel_coloured_pillars_altar,
          nicolae_overflow_crystal_walls
D:3:      layout_loops_ring, uniq_sigmund, uniq_grinder, uniq_jessica

Skill      XL: |  1  2  3  4  5 |
---------------+----------------+-----
Stealth        | 3 |  3.0
Dodging        | 3 |  3.1
Spellcasting   | 4 5 6 |  6.6
Conjurations   | 5 |  5.9
Translocations | 1 2 |  2.6

Action                   |  1- 3 |  4- 6 || total
-------------------------+-------+-------++-------
Throw: Throwing net      |       |     2 ||     2
 Cast: Magic Dart        |    44 |    30 ||    74
       Searing Ray       |    14 |    13 ||    27
       Blink             |       |     1 ||     1
  Use: Scroll            |     4 |     2 ||     6
  Eat: Chunk             |     3 |     4 ||     7
Armor: Robe              |       |     1 ||     1
Dodge: Dodged            |     7 |     2 ||     9
